 Dungeon Crawl Stone Soup version 0.21-a0-525-ga34b322 (webtiles) character file.

46 Gerstahl the Chopper (level 3, -2/29 HPs)
             Began as a Demonspawn Gladiator on Dec 7, 2017.
             Slain by a gnoll
             ... wielding a +0 halberd
              (9 damage)
             ... on level 2 of the Dungeon.
             The game lasted 00:01:07 (1340 turns).

Gerstahl the Chopper (Demonspawn Gladiator)         Turns: 1340, Time: 00:01:08

Health: -2/29      AC:  4    Str: 15    XL:     3   Next: 44%
Magic:  3/3        EV: 12    Int:  9    God:
Gold:   55         SH:  0    Dex: 14    Spells: 2/2 levels left

rFire    . . .     SeeInvis .   a - +0 war axe
rCold    . . .     Gourm    .   (no shield)
rNeg     . . .     Faith    .   b - +0 leather armour
rPois    .         Spirit   .   c - +0 helmet
rElec    .         Reflect  .   (no cloak)
rCorr    .         Harm     .   (no gloves)
MR       .....                  (no boots)
Stlth    +.........             (no amulet)
HPRegen  0.09/turn              (no ring)
MPRegen  0.08/turn              (no ring)

@: no status effects
A: claws 1, demonic guardian 1
a: no special abilities


You were on level 2 of the Dungeon.
You were very hungry.

You visited 1 branch of the dungeon, and saw 2 of its levels.

You collected 55 gold pieces.

Inventory:

Hand Weapons
 a - a +0 war axe (weapon)
Missiles
 d - 3 throwing nets (quivered)
Armour
 b - a +0 leather armour (worn)
 c - a +0 helmet (worn)
 m - a scarf of repulsion
Scrolls
 e - 2 scrolls of enchant weapon {unknown}
 l - 4 scrolls of identify {unknown}
 p - a scroll of teleportation {unknown}
 q - a scroll of immolation {unknown}
Potions
 h - a potion of flight {unknown}
 j - a potion of mutation {unknown}
 k - a potion of cancellation {unknown}
 n - a potion of lignification {unknown}
 o - a potion of curing {unknown}
Comestibles
 f - a bread ration
 g - 2 royal jellies
 i - 4 fruits


   Skills:
 + Level 3.0 Fighting
 + Level 3.5 Axes
 - Level 1.7 Throwing
 - Level 2.6 Dodging


You had 2 spell levels left.
You didn't know any spells.

Dungeon Overview and Level Annotations

Branches:
Dungeon (2/15)

Altars:


Innate Abilities, Weirdness & Mutations

You have sharp fingernails.
A weak demonic guardian rushes to your aid.


Message History

You barely miss the kobold. The kobold hits you but does no damage.
You barely miss the kobold.
The kobold hits you but does no damage. x2
You slash the kobold!
You kill the kobold!
Things that are here:
a club; a gnoll corpse The gnoll hits you with a halberd.
The gnoll closely misses you.
Found a stone staircase leading up.
You hit the gnoll.
The gnoll is moderately wounded.
The gnoll hits you with a halberd! The gnoll barely misses you.
You hit the gnoll but do no damage.
The gnoll is moderately wounded.
The gnoll barely misses you. The gnoll closely misses you.
You hit the gnoll.
The gnoll is heavily wounded.
The gnoll hits you with a halberd!
* * * LOW HITPOINT WARNING * * *
The gnoll hits you from afar with a halberd!
You die...

... #....)......(.####
...# #.######(####..#
#..###..####.K# #..#
#...# #...#..## #...
##.#.### #...## ###
##.....####...####
........###.#....##
....<.....(.####..####
..........).).).@gg<.#
.........########..#.#
...>.....# ##5#.5.
.........## #...###
..รท.......## ###.#
........#..## .#
##.....###..#### ..
####.#.####....## #.<
#.#..# ####..###


You could see 2 gnolls and a friendly white imp.

Vanquished Creatures
  A gnoll (D:2)
  2 dart slugs
  A giant cockroach (D:2)
  5 goblins
  5 hobgoblins
  A quokka (D:2)
  5 bats
  3 frilled lizards
  5 kobolds
  5 rats
33 creatures vanquished.

Notes
Turn   | Place    | Note
-------+----------+-------------------------------------------
     0 | D:1      | Gerstahl the Demonspawn Gladiator began the quest for the Orb.
     0 | D:1      | Reached XP level 1. HP: 16/16 MP: 1/1
   377 | D:1      | Gained mutation: You have sharp fingernails. [demonic ancestry]
   377 | D:1      | Reached XP level 2. HP: 21/23 MP: 2/2
   970 | D:2      | Gained mutation: A weak demonic guardian rushes to your aid. [demonic ancestry]
   970 | D:2      | Reached XP level 3. HP: 24/28 MP: 3/3
  1340 | D:2      | Slain by a gnoll

Vault maps used:
D:1:      dpeg_arrival_pits
D:2:      overflow_temple_1_default

Skill      XL: |  1  2  3 |
---------------+----------+-----
Axes           | 3 |  3.5
Fighting       | 3 |  3.0
Throwing       | |  1.7
Dodging        | |  2.6

Action                   || total
-------------------------++-------
Melee: War axe           ||    73
Armor: Leather armour    ||    30
Dodge: Dodged            ||    69

Table legend:
 A = Spawn XP
 B = Non-spawn XP
 C = Spawn XP percentage of total XP
 D = Spawn monster count
 E = Non-spawn monster count
 F = Spawn count percentage of total count
 G = Total turns spent on level
                    A         B        C        D         E        F      G
               +---------+---------+-------+---------+---------+-------+---------
         Total |       0 |      66 |   0.0 |       0 |      33 |   0.0 |  1340
               +---------+---------+-------+---------+---------+-------+---------
           D:1 |       0 |      22 |   0.0 |       0 |      14 |   0.0 |   943
           D:2 |       0 |      44 |   0.0 |       0 |      19 |   0.0 |   397
               +---------+---------+-------+---------+---------+-------+---------
